 Dungeon Sprint DCSS version 0.19.5 (webtiles) character file.

24294 HAWKINGL3623 the Severer (level 12, -10/126 HPs)
             Began as a Deep Dwarf Fighter on Mar 31, 2017.
             Was the Champion of Trog.
             Mangled by Estioll the pandemonium lord (21 damage)
             ... in the Dungeon (Sprint V: "Ziggurat Sprint").
             The game lasted 00:16:16 (633 turns).

HAWKINGL3623 the Severer (Deep Dwarf Fighter)        Turns: 633, Time: 00:16:20

Health: -10/126    AC: 30    Str: 34      XL:     12   Next: 79%
Magic:  14/14      EV:  4    Int:  9 (10) God:    Trog [******]
Gold:   0          SH: 34    Dex: 12      Spells: 0 memorised, 11 levels left

rFire  . . .     SeeInvis +     E - +14 obsidian axe {chop, +Fly SInv *Curse} (curse)
rCold  . . .     Gourm    .     F - +15 Maxwell's patent armour {-Cast -Tele rElec MR+ rCorr}
rNeg   + + .     Faith    .     G - +18 shield of the Gong {rElec rN+ MR+ EV-5}
rPois  +         Spirit   .     (no helmet)
rElec  +         Reflect  .     O - +1 cloak {rPois}
rCorr  +         Harm     .     (no gloves)
MR     +++..     NoTele   +     H - +0 pair of boots of Recklessness {rElec Regen+ Stlth+}
Stlth  .......... NoCast   +    L - macabre finger necklace {rN+}
                                J - +6 ring of strength
                                I - +6 ring of strength
                                (no ring)

@: corroded, mesmerised, non-regenerating
A: damage resistance, recharge devices, sense surroundings 2, slow regeneration
3, weak 1
a: Device Recharging, Berserk, Trog's Hand, Brothers in Arms, Burn Spellbooks,
Renounce Religion, Evoke Flight


You were in the Dungeon.
You worshipped Trog.
Trog was exalted by your worship.
You were not hungry.

You visited 1 branch

Inventory:

Hand Weapons
 E - the cursed +14 obsidian axe (weapon) {chop, +Fly SInv *Curse}
   (You found it in the Dungeon)

   It inflicts extra damage upon your enemies.
   It lets you see invisible.
   It lets you fly.
   It may re-curse itself when equipped.
   It has a curse placed upon it.
Missiles
 a - 7 needles of confusion
Armour
 F - the +15 Maxwell's patent armour (worn) {-Cast -Tele rElec MR+ rCorr}
   (You found it in the Dungeon)

   It insulates you from electricity.
   It affects your resistance to hostile enchantments.
   It prevents spellcasting.
   It prevents most forms of teleportation.
   It protects you from acid and corrosion.
 G - the +18 shield of the Gong (worn) {rElec rN+ MR+ EV-5}
   (You found it in the Dungeon)

   It affects your evasion (-5).
   It insulates you from electricity.
   It protects you from negative energy.
   It affects your resistance to hostile enchantments.
 H - the +0 pair of boots of Recklessness (worn) {rElec Regen+ Stlth+}
   (You found it in the Dungeon)

   It insulates you from electricity.
   It increases your rate of regeneration.
   It makes you more stealthy.
 O - a +1 cloak of poison resistance (worn)
Jewellery
 c - a +3 amulet of reflection
 I - a +6 ring of strength (left hand)
 J - a +6 ring of strength (right hand)
 K - the amulet of the Air {Inacc +Fly rElec EV+5 RMsl}
   (You found it in the Dungeon)

   [amulet of inaccuracy]

   It reduces the accuracy of all your attacks.
   It affects your evasion (+5).
   It insulates you from electricity.
   It lets you fly.
   It protects you from missiles.
 L - the macabre finger necklace (around neck) {rN+}
   (You found it in the Dungeon)

   [amulet of nothing]

   It protects you from negative energy.
 N - an uncursed ring of protection from cold
Wands
 e - a wand of heal wounds (1/9)
 y - a wand of disintegration (7/24)
 B - a wand of iceblast (5/15)
 C - a wand of lightning (5/15)
 D - a wand of acid (5/15)
Scrolls
 l - 4 scrolls of blinking
 r - 4 scrolls of amnesia
 s - 3 scrolls of recharging
 t - 7 scrolls of fog
 u - a scroll of holy word
 v - 4 scrolls of identify
 w - 5 scrolls of remove curse
 x - 2 scrolls of fear
Potions
 d - 6 potions of might
 g - 10 potions of curing
 h - 8 potions of heal wounds
 i - 6 potions of haste
 j - 7 potions of magic
 k - 3 potions of berserk rage
 m - 2 potions of brilliance
 n - 2 potions of invisibility
 o - 4 potions of resistance
 q - 5 potions of agility
Comestibles
 f - 4 bread rations
 z - 42 fruits
 A - 4 meat rations


   Skills:
 + Level 13.4 Fighting
 + Level 19.5 Axes
 + Level 1.0 Throwing
 + Level 11.2 Armour
 + Level 2.1 Dodging
 + Level 2.0 Stealth
 + Level 16.9 Shields
 + Level 1.0 Unarmed Combat
 + Level 3.3 Evocations


You had 11 spell levels left.
You didn't know any spells.

Dungeon Overview and Level Annotations

Branches:
Dungeon (1/1)

Altars:
Ashenzari
Cheibriados
Dithmenos
Elyvilon
Fedhas
Gozag
Hepliaklqana
Kikubaaqudgha
Makhleb
Nemelex Xobeh
Okawaru
Qazlal
Ru
Sif Muna
Trog
Uskayaw
Vehumet
Xom
Yredelemnul
Zin
The Shining One
Beogh
Jiyva
Lugonu


Innate Abilities, Weirdness & Mutations

You are resistant to damage.
You can recharge devices by infusing magical energy.
You passively map the area around you.
You do not regenerate.
You are weak. (Str -2)


Message History

You completely miss Ylimuacu.
Visions of slaying the Hell Sentinel flood into your mind.
Send 'em back where they came from!
Trog shields your ally from puny magic!
Your stone giant is no longer berserk.
Your stone giant disappears in a puff of smoke!
Trog shields your ally from puny magic! You block the Hell Sentinel's attack.
GONNNNG!
The Hell Sentinel hits you but does no damage.
The jumping spider leaps!
The soul eater hits you but does no damage.
The neqoxec gestures at you.
You feel dopey. Something feeds on your intellect! You block Losilued's attack.
PTOANNNG!
You block Ylimuacu's attack.
BONNNG!
Estioll hits you!!
You die...

, , * *** *
▓▓▓▓▓▓▓▓▓▓▓▓ , ,
▓...8©8...▓...8©8...▓.
*
▓..[|=:?|.▓......}..▓.
,,
▓..=)[=}..▓..[443}..▓.
,▓.........▓....)....▓.
▓.....s...▓...))....▓.
*
▓.§r&353..▓.........▓.
▓..4&134..▓.........▓.
, , ,
▓..▓&@&▓..▓.........▓.
, ,
▓.▓.s3.§▓.▓.▓.....▓.▓.
, ,
▓.....§...▓.........▓▓
88 8
▓▓▓▓▓▓▓▓▓▓▓▓▓▓▓▓▓▓▓▓▓ *
* ** * ,, 8© , , 8 ,,,
, , , , , , , , , , , *
,,, , , ,, , ,


You could see Estioll, Liuvvoq, Losilued, Ylimuacu, a Hell Sentinel, 2 soul
eaters, a demonic crawler, an ice devil, a neqoxec, a jumping spider, a hell
rat, a white imp, a friendly rust devil and a friendly ynoxinul (confused).

Vanquished Creatures
  A white draconian (D)
  A deep elf high priest (D)
  A dancing weapon (D)
  A sun demon (D)
  2 deep elf archers (D)
  4 deep elf magi (D)
  A cyclops (D)
  6 draconians (D)
  A naga mage (D)
  7 merfolk (D)
  3 slime creatures (D)
  A hippogriff (D)
  3 air elementals (D)
  A fire elemental (D)
  A golden eye (D)
  7 insubstantial wisps (D)
  2 water moccasins (D)
  An eye of draining (D)
  3 centaurs (D)
  A quasit (D)
  An ufetubus (D)
  2 orcs (D)
  A ball python (D)
52 creatures vanquished.

Vanquished Creatures (collateral kills)
  An azure jelly (D)
  4 draconians (D)
  A shining eye (D)
  A rust devil (D)
  A slime creature (D)
  2 nagas (D)
  An insubstantial wisp (D)
  An ufetubus (D)
12 creatures vanquished.

Vanquished Creatures (others)
  A spatial maelstrom (D)
1 creature vanquished.

Grand Total: 65 creatures vanquished

Notes
Turn   | Place    | Note
-------+----------+-------------------------------------------
     0 | D        | HAWKINGL3623 the Deep Dwarf Fighter began the quest for the Orb.
     0 | D        | Reached XP level 1. HP: 20/20 MP: 1/1
     0 | D        | Found a blossoming altar of Fedhas.
     5 | D        | Found a deep blue altar of Sif Muna.
     5 | D        | Found a sacrificial altar of Ru.
     5 | D        | Found a bloodstained altar of Trog.
     5 | D        | Found a stormy altar of Qazlal.
     5 | D        | Found an iron altar of Okawaru.
     5 | D        | Found a sparkling altar of Nemelex Xobeh.
     7 | D        | Found an ancient bone altar of Kikubaaqudgha.
     7 | D        | Found a viscous altar of Jiyva.
     7 | D        | Found a corrupted altar of Lugonu.
     7 | D        | Found a hazy altar of Hepliaklqana.
     7 | D        | Found a burning altar of Makhleb.
     7 | D        | Found an opulent altar of Gozag.
    19 | D        | Banished a spatial maelstrom
   107 | D        | Became a worshipper of Trog the Wrathful
   124 | D        | Entered arena 1.
   130 | D        | Reached * piety under Trog
   130 | D        | Reached ** piety under Trog
   133 | D        | Entered arena 2.
   133 | D        | Noticed a quasit
   135 | D        | Reached XP level 2. HP: 28/28 MP: 2/2
   136 | D        | Reached *** piety under Trog
   137 | D        | Reached skill level 3 in Axes
   137 | D        | Reached skill level 5 in Armour
   137 | D        | Reached skill level 5 in Shields
   137 | D        | Reached XP level 3. HP: 36/36 MP: 3/3
   150 | D        | Reached **** piety under Trog
   150 | D        | Received a gift from Trog
   155 | D        | Entered arena 3.
   155 | D        | Noticed a draconian
   155 | D        | Noticed a draconian
   155 | D        | Noticed a draconian
   155 | D        | Noticed a draconian
   159 | D        | Killed a draconian
   159 | D        | Reached skill level 7 in Axes
   159 | D        | Reached XP level 4. HP: 51/51 MP: 4/4
   159 | D        | Reached XP level 5. HP: 57/57 MP: 5/5
   159 | D        | Reached XP level 6. HP: 66/66 MP: 6/6
   160 | D        | Killed a draconian
   160 | D        | Reached skill level 8 in Axes
   160 | D        | Reached XP level 7. HP: 70/74 MP: 7/7
   163 | D        | Noticed a sixfirhy
   164 | D        | Killed a draconian
   164 | D        | Reached skill level 9 in Axes
   165 | D        | Killed a draconian
   165 | D        | Reached skill level 10 in Axes
   165 | D        | Reached skill level 10 in Armour
   165 | D        | Reached skill level 10 in Shields
   165 | D        | Reached XP level 8. HP: 81/85 MP: 8/8
   177 | D        | Entered arena 4.
   177 | D        | Noticed a merfolk
   177 | D        | Noticed a merfolk
   177 | D        | Noticed a merfolk
   177 | D        | Noticed a merfolk
   184 | D        | Killed a merfolk
   184 | D        | Reached ***** piety under Trog
   184 | D        | Reached skill level 11 in Axes
   187 | D        | Killed a merfolk
   190 | D        | Killed a merfolk
   190 | D        | Reached skill level 10 in Fighting
   191 | D        | Killed a merfolk
   191 | D        | Reached skill level 12 in Axes
   191 | D        | Gained mutation: You passively map the area around you. [Deep Dwarf growth]
   191 | D        | Reached XP level 9. HP: 93/93 MP: 9/9
   339 | D        | Entered arena 5.
   344 | D        | Received a gift from Trog
   347 | D        | Reached skill level 13 in Axes
   353 | D        | Identified the Catalogue of Stones and Dislocation
   363 | D        | Entered arena 6.
   366 | D        | Reached ****** piety under Trog
   369 | D        | Reached skill level 14 in Axes
   372 | D        | Received a gift from Trog
   388 | D        | Entered arena 7.
   388 | D        | Noticed a naga mage
   395 | D        | Received a gift from Trog
   398 | D        | Killed a naga mage
   398 | D        | Reached skill level 1 in Evocations
   398 | D        | Reached XP level 10. HP: 92/103 MP: 10/10
   408 | D        | Entered arena 8.
   408 | D        | Noticed a white draconian
   408 | D        | Noticed a draconian
   408 | D        | Noticed a draconian
   408 | D        | Noticed a draconian
   408 | D        | Noticed a draconian
   408 | D        | Noticed a draconian
   408 | D        | Noticed a draconian
   410 | D        | Received a gift from Trog
   411 | D        | Got a transparent hand axe {god gift}
   414 | D        | Killed a draconian
   414 | D        | Reached skill level 15 in Axes
   416 | D        | Killed a draconian
   416 | D        | Reached skill level 1 in Dodging
   420 | D        | Killed a draconian
   420 | D        | Killed a white draconian
   420 | D        | Reached skill level 16 in Axes
   421 | D        | Killed a draconian
   421 | D        | Received a gift from Trog
   422 | D        | Killed a draconian
   427 | D        | Noticed a soul eater
   430 | D        | Killed a draconian
   441 | D        | Got the +0 pair of boots of Recklessness {rElec Regen+ Stlth+}
   466 | D        | Entered arena 9.
   466 | D        | Noticed a cyclops
   471 | D        | Reached skill level 17 in Axes
   473 | D        | Killed a cyclops
   474 | D        | Reached XP level 11. HP: 104/114 MP: 12/12
   481 | D        | Received a gift from Trog
   481 | D        | Received a gift from Trog
   484 | D        | Entered arena 10.
   484 | D        | Noticed a deep elf archer
   484 | D        | Noticed a deep elf high priest
   484 | D        | Noticed a deep elf mage
   484 | D        | Noticed a deep elf mage
   484 | D        | Noticed a deep elf mage
   484 | D        | Noticed a broad axe of electrocution
   484 | D        | Noticed a deep elf mage
   484 | D        | Noticed a deep elf archer
   485 | D        | Killed a deep elf mage
   485 | D        | Reached skill level 15 in Shields
   489 | D        | Killed a broad axe of electrocution
   489 | D        | Reached skill level 18 in Axes
   492 | D        | Killed a deep elf mage
   493 | D        | Killed a deep elf high priest
   495 | D        | Killed a deep elf mage
   495 | D        | Received a gift from Trog
   496 | D        | Got a jewelled war axe {god gift}
   500 | D        | Killed a deep elf mage
   507 | D        | Killed a deep elf archer
   517 | D        | Killed a deep elf archer
   521 | D        | Reached skill level 1 in Throwing
   521 | D        | Reached skill level 1 in Stealth
   521 | D        | Reached skill level 1 in Unarmed Combat
   521 | D        | Reached XP level 12. HP: 58/123 MP: 12/14
   539 | D        | Entered arena 11.
   539 | D        | Noticed an azure jelly
   543 | D        | Killed an azure jelly
   543 | D        | Received a gift from Trog
   543 | D        | Reached skill level 19 in Axes
   550 | D        | Gained mutation: You are weak. (Str -2) [a shining eye]
   587 | D        | Received a gift from Trog
   620 | D        | Entered arena 12.
   620 | D        | Noticed Liuvvoq the pandemonium lord
   621 | D        | Noticed a Hell Sentinel
   621 | D        | Noticed Losilued the pandemonium lord
   621 | D        | Noticed Ylimuacu the pandemonium lord
   623 | D        | Noticed Estioll the pandemonium lord
   628 | D        | Received a gift from Trog
   632 | D        | Received a gift from Trog
   633 | D        | Mangled by Estioll the pandemonium lord

Skill      XL: |  1  2  3  4  5  6  7  8  9 10 11 12 |
---------------+-------------------------------------+-----
Fighting       | 3 4 7 8 9 10 12 13 | 13.4
Armour         | 4 5 8 9 10 11 | 11.2
Shields        | 4 5 8 9 10 11 13 14 16 | 16.9
Axes           | 3 7 8 10 12 14 17 18 19 | 19.5
Evocations     | 1 2 3 |  3.3
Dodging        | 1 2 |  2.1
Throwing       | 1 |  1.0
Stealth        | 1 2 |  2.0
Unarmed Combat | 1 |  1.0

Action                   |  1- 3 |  4- 6 |  7- 9 | 10-12 || total
-------------------------+-------+-------+-------+-------++-------
Melee: Broad axe         |     8 |     1 |    35 |    63 ||   107
Invok: Burn Spellbooks   |     2 |       |     2 |     4 ||     8
       Berserk           |       |       |     1 |     1 ||     2
       Brothers in Arms  |       |       |       |     3 ||     3
Evoke: Wand              |       |       |     1 |     3 ||     4
  Use: Scroll            |       |       |     1 |       ||     1
       Potion            |       |       |       |     3 ||     3
 Stab: Distracted        |       |       |       |     1 ||     1
  Eat: Bread ration      |       |       |       |     1 ||     1
Armor: Plate armour      |     6 |     1 |    19 |    23 ||    49
Dodge: Dodged            |     1 |       |     2 |     2 ||     5
Block: Shield            |    12 |     1 |    71 |    99 ||   183
       Reflection        |       |       |     1 |       ||     1
